 Dungeon Crawl Stone Soup version 0.30-a0-782-ge64f9170bb (webtiles) character file.

Game seed: 15608904689575683801

711 Dirtsage the Chopper (level 7, -4/52 HPs)
             Began as a Demonspawn Fighter on Mar 13, 2023.
             Succumbed to an orc wizard's poison
             ... on level 5 of the Dungeon.
             The game lasted 00:08:12 (3807 turns).

Dirtsage the Chopper (Demonspawn Fighter)           Turns: 3807, Time: 00:08:13

Health: -4/52      AC:  6    Str: 19    XL:     7   Next: 40%
Magic:  7/7        EV:  9    Int:  9    God:
Gold:   180        SH: 10    Dex: 12    Spells: 6/6 levels left

rFire   . . .      SeeInvis .    a - +0 war axe
rCold   + . .      Faith    .    c - +0 buckler
rNeg    . . .      Spirit   .    b - +0 scale mail
rPois   .          Reflect  .    (no helmet)
rElec   .          Harm     .    (no cloak)
rCorr   .          Rampage  .    (no gloves)
Will    .....      Clarity  +    (no boots) Stlth
                                 (no amulet)
HPRegen 0.28/turn                I - ring of protection from cold
MPRegen 0.10/turn                (no ring)

@: lethally poisoned (-4 -> -29)
A: hooves 1, large bone plates 2, powered by pain 1, claws 1, clarity
a: no special abilities


You were on level 5 of the Dungeon.
You visited 1 branch of the dungeon, and saw 5 of its levels.

You collected 180 gold pieces.

Inventory:

Hand Weapons
 a - a +0 war axe (weapon)
 r - a +0 hand axe
Armour
 b - a +0 scale mail (worn)
 c - a +0 buckler (worn)
Magical Staves
 m - a staff of fire
 y - a staff of cold
Jewellery
 I - a ring of protection from cold (left claw)
Wands
 w - a wand of charming (2)
Scrolls
 e - a scroll of acquirement {unknown}
 h - 4 scrolls of identify {unknown}
 i - a scroll of vulnerability {unknown}
 j - 5 scrolls of teleportation {unknown}
 k - a scroll of fog {unknown}
 n - 2 scrolls of immolation {unknown}
 p - a scroll of enchant armour {unknown}
 t - a scroll of amnesia {unknown}
 v - a scroll of enchant weapon {unknown}
 z - 2 scrolls of fear {unknown}
Potions
 d - 2 potions of might
 f - 2 potions of mutation
 g - a potion of attraction {unknown}
 l - a potion of heal wounds {unknown}
 o - a potion of flight {unknown}
 s - a potion of lignification {unknown}
 u - a potion of resistance {unknown}
 x - a potion of magic


   Skills:
 - Level 3.0 Fighting
 + Level 7.7 Axes
 - Level 2.6 Armour
 - Level 2.6 Shields


You had 6 spell levels left.
You didn't know any spells.
Your spell library contained the following spells:

 Spells                   Type           Power      Damage    Failure   Level
 Foxfire                  Conj/Fire      0%         2x1d4     86%         1
 Fireball                 Conj/Fire      0%         3d3       100%        5
 Starburst                Conj/Fire      0%         6d3       100%        6


Dungeon Overview and Level Annotations

Branches:
Dungeon (5/15)             Temple (0/1) D:5

Altars:
Ashenzari
Fedhas
Sif Muna

Annotations:
D:2 1 runed translucent door, Crazy Yiuf
D:4 1 runed translucent door, tilp's ghost, weakling MeFi


Innate Abilities, Weirdness & Mutations

You have large cloven feet.
You are mostly covered in large bone plates. (SH +6)
You sometimes gain a little power by taking damage.
You have sharp fingernails.
You possess an exceptional clarity of mind.


Message History

You miss something. Your kick misses something.
Something hits you but does no damage.
You are poisoned.
It was a potion of magic.
Magic courses through your body.
You feel sick. You block something's attack.
You take 2 damage, and have 18/52 hp.
You hit something.
You feel sick. Something hits you.
* * * LOW HITPOINT WARNING * * *
You are more poisoned.
You take 3 damage, and have 15/52 hp.
You miss something.
* * * LOW HITPOINT WARNING * * *
You feel very sick. Something hits you.
* * * LOW HITPOINT WARNING * * *
You take 6 damage, and have 9/52 hp.
You barely miss something.
* * * LOW HITPOINT WARNING * * *
You feel sick. Something hits you but does no damage.
You are lethally poisoned!
You take 1 damage, and have 8/52 hp.
You feel better. Something hits you but does no damage.
You are poisoned.
You regained 10 hp, and now have 18/52 hp.
You barely miss something.
You feel very sick. Something hits you.
* * * LOW HITPOINT WARNING * * *
You are lethally poisoned!
Something hits you.
* * * LOW HITPOINT WARNING * * *
You are more poisoned.
You take 9 damage, and have 9/52 hp.
You hit something.
* * * LOW HITPOINT WARNING * * *
You feel extremely sick. You block something's attack.
You take 7 damage, and have 2/52 hp.
You hit something. Your kick misses something.
You die...

### #..## .# #...# .#
#.#.# .# #######.#.## ##
##. ........#..# .. .
..# #####....##.#....
..# ##........@)!..#
..#####..###...#){.#...#
..)...........##.⌠.# .
..###..####..##.....#
..# #.## #.## .#.#..#
.)# #..# #. .# .##...
..# ##.# #. # .. #...
#.## #.# #. >. .⌠.
...###.#


There were no monsters in sight!

Vanquished Creatures
  Sigmund (D:2)
  A black bear (D:4)
  An ogre (D:4)
  A scorpion (D:4)
  A hound (D:4)
  Ijyb (D:4)
  2 orc wizards (D:5)
  An iguana (D:4)
  4 gnolls (D:5)
  3 adders
  A worm (D:3)
  A dart slug (D:4)
  8 orcs
  8 ball pythons
  8 bats
  5 endoplasms
  3 giant cockroaches
  14 goblins
  9 hobgoblins
  4 jackals (D:4)
  7 kobolds
  5 quokkas
  4 frilled lizards
  4 rats
97 creatures vanquished.

Notes
Turn   | Place    | Note
-------+----------+-------------------------------------------
     0 | D:1      | Dirtsage the Demonspawn Fighter began the quest for the
                  | Orb.
     0 | D:1      | Reached XP level 1. HP: 18/18 MP: 1/1
   149 | D:1      | Reached skill level 2 in Axes
   233 | D:1      | Gained mutation: You are partially covered in large bone
                  | plates. (SH +4) [demonic ancestry]
   233 | D:1      | Reached XP level 2. HP: 24/24 MP: 2/2
   378 | D:1      | Reached skill level 3 in Axes
   850 | D:2      | Reached XP level 3. HP: 29/29 MP: 3/3
  1002 | D:2      | Noticed Sigmund
  1017 | D:2      | Killed Sigmund
  1018 | D:2      | Reached skill level 5 in Axes
  1018 | D:2      | Gained mutation: You sometimes gain a little power by
                  | taking damage. [demonic ancestry]
  1018 | D:2      | Reached XP level 4. HP: 27/35 MP: 4/4
  1018 | D:2      | Gained mutation: You are mostly covered in large bone
                  | plates. (SH +6) [demonic ancestry]
  1018 | D:2      | Reached XP level 5. HP: 32/41 MP: 5/5
  1176 | D:2      | Found a shimmering blue altar of Sif Muna.
  1256 | D:2      | Found a runed translucent door.
  1257 | D:2      | Noticed Crazy Yiuf
  1626 | D:2      | Found a faded altar of an unknown god.
  1798 | D:3      | Found a broken altar of Ashenzari.
  2336 | D:3      | Found a blossoming altar of Fedhas.
  2491 | D:4      | Noticed a black bear
  2500 | D:4      | Killed a black bear
  2501 | D:4      | Reached skill level 6 in Axes
  2501 | D:4      | Gained mutation: You have large cloven feet. [demonic
                  | ancestry]
  2501 | D:4      | Reached XP level 6. HP: 33/47 MP: 6/6
  2998 | D:4      | Found a runed translucent door.
  3001 | D:4      | Noticed tilp's ghost (weakling MeFi)
  3157 | D:4      | Noticed Ijyb
  3158 | D:4      | Gained mutation: Armour fits poorly on your strangely
                  | shaped body. [potion of mutation]
  3159 | D:4      | Lost mutation: Armour fits poorly on your strangely shaped
                  | body. [potion of mutation]
  3159 | D:4      | Gained mutation: You have sharp fingernails. [potion of
                  | mutation]
  3159 | D:4      | Gained mutation: You possess an exceptional clarity of
                  | mind. [potion of mutation]
  3175 | D:4      | Killed Ijyb
  3176 | D:4      | Reached skill level 7 in Axes
  3178 | D:4      | Reached XP level 7. HP: 28/52 MP: 7/7
  3666 | D:5      | Entered Level 5 of the Dungeon
  3785 | D:5      | Found a staircase to the Ecumenical Temple.
  3806 | D:5      | HP: 2/52 [poisoned by an orc wizard]
  3807 | D:5      | Succumbed to an orc wizard's poison

Illustrated notes

Levels and vault maps discovered:
D:1:      heliophobic_arrival_dark_side_of_the_moon, layout_loops_ring
D:2:      layout_basic, shapermc_ecumenical_altar_hornbeckon, basic_altar,
          palyth_stone_intersect, uniq_sigmund, uniq_crazy_yiuf_cottage
D:3:      layout_basic, nicolae_ashenzari_skybound,
          mainiacjoe_overflow_alcove_1, minmay_misc_feat_room,
          kennysheep_generic_room_10
D:4:      layout_gridville, serial_rivers, chequers_serial_rivers_micro_e,
          chequers_serial_rivers_micro_a, chequers_serial_rivers_small_3,
          chequers_serial_rivers_micro_e, ebering_ghost_reflecting_pool,
          uniq_ijyb
D:5:      layout_rooms, minmay_temple_entry_waves

Skill      XL: |  1  2  3  4  5  6 |
---------------+-------------------+-----
Axes           | 2 3 5 6 7 |  7.7
Fighting       | |  3.0
Armour         | |  2.6
Shields        | |  2.6

Action                     |  1- 3 |  4- 6 |  7- 9 || total
---------------------------+-------+-------+-------++-------
  Melee: War axe           |    84 |   142 |    63 ||   289
         Kick              |       |    16 |    14 ||    30
    Use: Potion            |     1 |     2 |     4 ||     7
 Armour: Scale mail        |    54 |    40 |    16 ||   110
  Dodge: Dodged            |    33 |    46 |    10 ||    89
  Block: Buckler           |    33 |    88 |    26 ||   147

Table legend: (Time is in decaauts)
 A = Elapsed time spent in this place.
 B = Non-inter-level travel time spent in this place.
 C = Inter-level travel time spent in this place.
 D = Time resting spent in this place.
 E = Time spent auto-exploring this place.
 F = Levels seen in this place.
 G = Mean time per level.
                   A        B        C        D        E       F      G
               +--------+--------+--------+--------+--------+-----+--------+
         Total |   3897 |   3742 |    155 |      0 |   3109 |   5 |  779.4 |
       Dungeon |   3897 |   3742 |    155 |      0 |   3109 |   5 |  779.4 |
               +--------+--------+--------+--------+--------+-----+--------+

Top non-repeatable levels by time:
     D:4: 1198 daAuts
     D:2: 901 daAuts
     D:1: 861 daAuts
     D:3: 788 daAuts
     D:5: 145 daAuts
